 Dungeon Crawl Stone Soup version 0.20-a0-772-g73021bd (webtiles) character file.

52 Laan the Cudgeler (level 3, -2/23 HPs)
             Began as a Gargoyle Fighter on Feb 27, 2017.
             Slain by Sigmund
             ... wielding a +1 scythe of freezing
              (3 damage)
             ... on level 2 of the Dungeon.
             The game lasted 00:01:42 (865 turns).

Laan the Cudgeler (Gargoyle Fighter)                 Turns: 865, Time: 00:01:43

Health: -2/23      AC: 12    Str: 20    XL:     3   Next: 85%
Magic:  3/3        EV:  5    Int:  8    God:
Gold:   12         SH:  0    Dex:  9    Spells: 2/2 levels left

rFire    . . .     SeeInvis .   a - +0 flail
rCold    . . .     Gourm    .   g - +0 chain mail
rNeg     + . .     Faith    .   c - +0 shield
rPois    ∞         Spirit   .   (no helmet)
rElec    +         Reflect  +   (no cloak)
rCorr    .         Harm     .   (no gloves)
MR       .....                  (no boots)
Stlth    ..........             l - +3 amulet of reflection
Regen    0.1/turn               (no ring)
MPRegen  0.1/turn               (no ring)

@: confused
A: negative energy resistance 1, electricity resistance, unbreathing,
petrification resistance, rot immunity, AC +3
a: no special abilities


You were on level 2 of the Dungeon.
You were not hungry.

You visited 1 branch of the dungeon, and saw 2 of its levels.

You collected 12 gold pieces.

Inventory:

Hand Weapons
 a - a +0 flail (weapon)
Armour
 c - a +0 shield (worn)
 g - a +0 chain mail (worn)
Jewellery
 k - an uncursed amulet of guardian spirit
 l - a +3 amulet of reflection (around neck)
Scrolls
 b - a scroll of identify
 i - a scroll of teleportation {unknown}
Potions
 d - a potion of might
 e - 2 potions of magic {unknown}
 j - a potion of heal wounds {unknown}
Comestibles
 f - 2 bread rations
 h - a chunk of flesh


   Skills:
 - Level 3.2 Fighting
 + Level 4.0 Maces & Flails
 - Level 3.2 Armour
 - Level 3.2 Shields


You had 2 spell levels left.
You didn't know any spells.

Dungeon Overview and Level Annotations

Branches:
Dungeon (2/15)

Altars:

Annotations:
D:2 Sigmund


Innate Abilities, Weirdness & Mutations

You are resistant to torment.
Your stone body is resilient. (AC +3)
You are immune to poison.
You resist negative energy. (rN+)
You are resistant to electric shocks. (rElec)
You can survive without breathing.
You are immune to petrification.
You are immune to rotting.


Message History

You sock something! Something hits you but does no damage.
Your shield and chain mail prevent you from hitting something.
You block something's attack.
You closely miss something.
Your shield and chain mail prevent you from hitting something.
Something hits you. Something freezes you.
You sock something! Something hits you!
* * * LOW HITPOINT WARNING * * *
Something freezes you.
* * * LOW HITPOINT WARNING * * *
You miss something.
You hear some strange, mumbled words.
A puff of flame appears from out of thin air!
The puff of flame hits you!
* * * LOW HITPOINT WARNING * * *
You closely miss something.
You hear some strange, mumbled words.
You are confused.
Something hits you.
You die...

### ..# ).. ##
#.........## #.# ..#
#.......[(.# #.###....
##..........####.#....
.............>..{..#
............# #@#
#..........# #.#
##........## #.#
#<.........# #.#
#..(.......####.######
#....................#
#....................#
#.)..................#
##....)...############


There were no monsters in sight!

Vanquished Creatures
  Terence (D:1)
  An ooze (D:1)
  A leopard gecko (D:1)
  2 goblins (D:1)
  4 hobgoblins (D:1)
  2 jackals (D:1)
  3 bats (D:1)
  7 kobolds (D:1)
  5 rats
26 creatures vanquished.

Notes
Turn   | Place    | Note
-------+----------+-------------------------------------------
     0 | D:1      | Laan the Gargoyle Fighter began the quest for the Orb.
     0 | D:1      | Reached XP level 1. HP: 14/14 MP: 1/1
   144 | D:1      | Reached XP level 2. HP: 19/19 MP: 2/2
   232 | D:1      | Reached skill level 3 in Maces & Flails
   583 | D:1      | Reached XP level 3. HP: 21/23 MP: 3/3
   790 | D:2      | Noticed Terence
   806 | D:1      | Killed Terence
   806 | D:1      | Reached skill level 4 in Maces & Flails
   852 | D:2      | Noticed Sigmund
   864 | D:2      | HP: 1/23 [something/puff of flame (2)]
   865 | D:2      | Slain by Sigmund

Vault maps used:
D:1:      dpeg_arrival_concentric_ovals
D:2:      tgw_xom, first_bread, uniq_terence, uniq_sigmund,
          uniq_crazy_yiuf_cottage

Skill      XL: |  1  2  3 |
---------------+----------+-----
Maces & Flails | 3 4 |  4.0
Fighting       | |  3.2
Armour         | |  3.2
Shields        | |  3.2

Action                   || total
-------------------------++-------
Melee: Flail             ||   101
  Use: Scroll            ||     2
Armor: Scale mail        ||     7
       Chain mail        ||    53
Dodge: Dodged            ||    16
Block: Shield            ||    42
